 Dungeon Crawl Stone Soup version 0.31.0-32-g396128a36d (webtiles) character file.

Game seed: 18135012111547781645

1810 Peloso the Carver (level 8, -4/70 HPs)
             Began as a Minotaur Fighter on Mar 14, 2024.
             Was a Believer of Okawaru.
             Slain by an orc wizard
             ... wielding a +0 dagger of electrocution
              (12 damage)
             ... on level 6 of the Dungeon.
             The game lasted 00:08:30 (5944 turns).

Peloso the Carver (Minotaur Fighter)                Turns: 5944, Time: 00:08:31

Health: -4/70      AC: 12    Str: 21    XL:     8   Next: 84%
Magic:  6/7        EV:  9    Int:  5    God:    Okawaru [**....]
Gold:   246        SH:  5    Dex: 12    Spells: 7/7 levels left

rFire   . . .        a - +1 long sword (freeze)
rCold   . . .        d - +0 buckler
rNeg    . . .        o - +0 chain mail
rPois   .            (helmet restricted)
rElec   .            (no cloak)
rCorr   .            (no gloves)
SInv    .            c - +0 pair of boots
Will    .....        (no amulet) Stlth
                     (no ring)
HPRegen 0.31/turn    (no ring)
MPRegen 0.10/turn

%: no passive effects
@: no status effects
A: horns 2, retaliatory headbutt
a: Renounce Religion, Heroism


You were on level 6 of the Dungeon.
You worshipped Okawaru.
Okawaru was pleased with you.
You visited 2 branches of the dungeon, and saw 7 of its levels.

You collected 246 gold pieces.

Inventory:

Hand Weapons
 a - a +1 long sword of freezing (weapon)
Armour
 b - a +0 scale mail
 c - a +0 pair of boots (worn)
 d - a +0 buckler (worn)
 o - a +0 chain mail (worn)
Wands
 n - a wand of polymorph (12)
Scrolls
 e - a scroll of fog
 g - a scroll of acquirement {unknown}
 q - a scroll of vulnerability
Potions
 f - 3 potions of curing
 i - 2 potions of might
 j - 2 potions of lignification
 k - a potion of resistance
 l - 2 potions of enlightenment
 m - a potion of heal wounds
 p - 2 potions of ambrosia {unknown}
 r - 2 potions of berserk rage {unknown}
 s - a potion of haste {unknown}


   Skills:
 + Level 6.2 Fighting
 + Level 9.2 Long Blades
 + Level 8.0 Armour
 + Level 3.3 Dodging
 + Level 0.4 Stealth
 + Level 5.3 Shields


You had 7 spell levels left.
You didn't know any spells.
Your spell library contained the following spells:

 Spells                   Type           Power      Damage    Failure   Level
 Magic Dart               Conj           0%         1d3       98%         1
 Sting                    Conj/Alch      0%         1d3       98%         1
 Mercury Vapours          Alch/Air       0%         N/A       99%         2
 Searing Ray              Conj           0%         2d4       99%         2
 Fulminant Prism          Conj/Alch      0%         3d5       100%        4
 Olgreb's Toxic Radiance  Alch           0%         N/A       100%        4


Dungeon Overview and Level Annotations

Branches:
Dungeon (6/15)             Temple (1/1) D:5

Altars:
Ashenzari
Cheibriados
Dithmenos
Elyvilon
Fedhas
Gozag
Hepliaklqana
Kikubaaqudgha
Makhleb
Nemelex Xobeh
Okawaru
Sif Muna
Trog
Uskayaw
Zin
The Shining One

Annotations:
D:3 2 transporters, vvlvvlvvl's ghost, amateur DsFi


Innate Abilities, Weirdness & Mutations

You have a pair of horns on your head.
You reflexively headbutt those who attack you in melee.


Message History

The magic dart hits you but does no damage.
You hear some strange, mumbled words.
Something tries to affect you, but you resist.
Unknown command.
You hit something. You freeze something. Your headbutt misses something.
Something hits you but does no damage. x2; You are electrocuted!!
* * * LOW HITPOINT WARNING * * *
Unknown command.
You slash something! You freeze something. Okawaru accepts your kill.
Reactivating autopickup.
You feel a bit more experienced.
Unknown command.
You feel much better. Something hits you but does no damage.
Deactivating autopickup; reactivate with Ctrl-A.
The adder bites you but does no damage.
Unknown command.
You miss something. Something hits you but does no damage.
The adder barely misses you.
Unknown command.
You barely miss something. You block the adder's attack. Something hits you.
You are electrocuted!
* * * LOW HITPOINT WARNING * * *
Unknown command.
You barely miss something.
You feel like a meek peon again. The adder bites you but does no damage.
Something hits you but does no damage.
You barely miss something. The adder bites you but does no damage.
Something hits you but does no damage.
You barely miss something. The adder completely misses you.
You furiously retaliate!
You headbutt the adder! Something hits you but does no damage.
Unknown command.
You slash the adder! You freeze the adder.
You kill the adder!
Okawaru accepts your kill. Something hits you.
* * * LOW HITPOINT WARNING * * *
You are electrocuted!
You die...

<#.#..#~≈~~~.~~.~.o~o§≈oo
##.#..#≈~≈≈#.~....~.§..~.
...#..# ≈≈≈#......# ####
#.....## #.....# #.....#
#....## ######
#...{####### #
#....#####...)@)....# #
#.(...##.#...)......#
###........#..........#
#......)...#....#######
...........#.....#
#..........##†...#
##.........##....#
##.[.......##....###
...................#


There were no monsters in sight!

Vanquished Creatures
  A steam dragon (D:6)
  2 water moccasins
  3 black bears
  A centaur (D:5)
  A phantom (D:5)
  A kobold brigand (D:6)
  A bullfrog (D:6)
  A scorpion (D:6)
  2 jellies
  5 bombardier beetles
  An orc priest (D:5)
  6 hounds
  Terence (D:3)
  5 iguanas
  2 orc wizards
  Natasha (twice) (D:4)
  6 adders
  A shadow imp (D:5)
  2 white imps (D:6)
  4 dart slugs
  A ribbon worm (D:3)
  13 orcs
  4 ball pythons
  7 endoplasms
  2 giant cockroaches (D:3)
  11 goblins
  8 hobgoblins
  8 jackals
  7 kobolds
  2 quokkas
  8 bats
  3 frilled lizards
  6 rats
128 creatures vanquished.

Notes
Turn   | Place    | Note
-------+----------+-------------------------------------------
     0 | D:1      | Peloso the Minotaur Fighter began the quest for the Orb.
     0 | D:1      | Reached XP level 1. HP: 19/19 MP: 0/0
    88 | D:1      | Reached XP level 2. HP: 27/27 MP: 1/1
   514 | D:1      | Reached XP level 3. HP: 33/33 MP: 2/2
  1185 | D:2      | Found a sparkling altar of Nemelex Xobeh.
  1311 | D:2      | Reached skill level 3 in Long Blades
  1973 | D:3      | Noticed vvlvvlvvl's ghost (amateur DsFi)
  1975 | D:3      | Found a transporter.
  2166 | D:3      | Reached XP level 4. HP: 33/40 MP: 3/3
  2292 | D:3      | Reached skill level 4 in Long Blades
  2320 | D:3      | Found a transporter.
  2362 | D:3      | Noticed Terence
  2379 | D:3      | Killed Terence
  2380 | D:3      | Reached XP level 5. HP: 47/47 MP: 4/4
  3267 | D:4      | Noticed a black bear
  3270 | D:4      | Found a hazy altar of Hepliaklqana.
  3277 | D:4      | Killed a black bear
  3278 | D:4      | Reached skill level 5 in Long Blades
  3278 | D:4      | Reached skill level 5 in Armour
  3278 | D:4      | Reached skill level 1 in Dodging
  3349 | D:4      | Noticed Natasha
  3360 | D:4      | Reached XP level 6. HP: 38/55 MP: 5/5
  3366 | D:4      | Killed Natasha
  3479 | D:4      | Found an ancient bone altar of Kikubaaqudgha.
  3522 | D:4      | Found a broken altar of Ashenzari.
  3523 | D:4      | Noticed Natasha
  3528 | D:4      | Killed Natasha
  3566 | D:4      | Reached skill level 5 in Fighting
  3683 | D:4      | Identified the +2 ring mail "Vaanaygg" {+Blink Will+ SInv}
  3787 | D:5      | Entered Level 5 of the Dungeon
  3810 | D:5      | Reached skill level 6 in Long Blades
  3873 | D:5      | Found a white marble altar of Elyvilon.
  3874 | D:5      | Noticed a water moccasin
  3879 | D:5      | Reached XP level 7. HP: 41/61 MP: 6/6
  4245 | D:5      | Found a staircase to the Ecumenical Temple.
  4274 | Temple   | Entered the Ecumenical Temple
  4279 | Temple   | Became a worshipper of Warmaster Okawaru
  4402 | D:5      | Reached skill level 7 in Long Blades
  4413 | D:5      | Reached skill level 5 in Shields
  4632 | D:5      | Reached * piety under Okawaru
  4633 | D:5      | Reached XP level 8. HP: 41/69 MP: 7/7
  4871 | D:5      | Found a snail-covered altar of Cheibriados.
  5198 | D:6      | Reached skill level 8 in Long Blades
  5392 | D:6      | Found a hide-covered altar of Uskayaw.
  5461 | D:6      | Reached ** piety under Okawaru
  5864 | D:6      | Reached skill level 9 in Long Blades
  5944 | D:6      | Slain by an orc wizard

Illustrated notes

Levels and vault maps discovered:
D:1:      saegor_arrival_simple_d, layout_basic, nicolae_titane
D:2:      layout_loops_cross, basic_altar
D:3:      layout_basic, gammafunk_ghost_arena, uniq_terence
D:4:      layout_basic, mainiacjoe_overflow_brackets,
          nicolae_overflow_crystal_walls, evilmike_ruin_ashenzari, uniq_natasha
D:5:      layout_rooms, mainiacjoe_overflow_concentric_impassable,
          elyvilon_altar_5, minmay_temple_entry_overgrown, grunt_ministairs_13,
          columned_hall_lemuel
D:6:      minmay_general_purpose_star, layout_basic,
          mainiacjoe_overflow_six_doors_small, marbit_many_paths, serial_rivers,
          chequers_serial_rivers_marsh, chequers_serial_rivers_large_a,
          chequers_serial_rivers_micro_a, chequers_serial_rivers_micro_b,
          chequers_serial_rivers_small_a
Temple:   hellmonk_temple_micro_hex

Skill      XL: |  1  2  3  4  5  6  7  8 |
---------------+-------------------------+-----
Armour         | 4 5 6 8 |  8.0
Fighting       | 4 5 6 |  6.2
Shields        | 4 5 |  5.3
Long Blades    | 3 4 5 6 7 9 |  9.2
Dodging        | 1 2 3 |  3.3
Stealth        | |  0.4

Action                     |  1- 3 |  4- 6 |  7- 9 || total
---------------------------+-------+-------+-------++-------
  Melee: Long sword        |    98 |   122 |   172 ||   392
         Headbutt          |    12 |    17 |    28 ||    57
 Invoke: Heroism           |       |       |     1 ||     1
    Use: Scroll            |     3 |     2 |     8 ||    13
         Potion            |     2 |       |     4 ||     6
 Armour: Scale mail        |    67 |     6 |       ||    73
         Skin              |       |    10 |       ||    10
         Chain mail        |       |   104 |   203 ||   307
  Dodge: Dodged            |    45 |    44 |    84 ||   173
  Block: Buckler           |    25 |    36 |    55 ||   116
